 Dungeon Crawl Stone Soup version 0.30-a0-393-g54b8e3be05 (webtiles) character file.

Game seed: 5638860706687708292

113 NinjaNoafa the Shield-Bearer (level 5, -1/42 HPs)
             Began as a Formicid Fighter on Dec 6, 2022.
             Slain by a gnoll
             ... wielding a +0 spear
              (8 damage)
             ... on level 2 of the Dungeon.
             The game lasted 00:02:13 (825 turns).

NinjaNoafa the Shield-Bearer (Formicid Fighter)      Turns: 825, Time: 00:02:13

Health: -1/42      AC:  9    Str: 22    XL:     5   Next: 17%
Magic:  5/5        EV:  8    Int:  8    God:
Gold:   64         SH:  6    Dex: 19    Spells: 4/4 levels left

rFire   . . .      SeeInvis +    a - +0 war axe
rCold   . . .      Faith    .    c - +0 buckler
rNeg    . . .      Spirit   .    s - +0 chain mail
rPois   .          Reflect  .    (helmet unavailable)
rElec   .          Harm     .    (no cloak)
rCorr   .          Rampage  .    (no gloves)
Will    .....                    (no boots)
Stlth   ..........               (no amulet)
HPRegen 0.27/turn                n - +6 ring of dexterity
MPRegen 0.09/turn                (no ring)

@: no status effects
A: permanent stasis, dig shafts and tunnels, antennae 3, four strong arms
a: Dig, Shaft Self


You were on level 2 of the Dungeon.
You visited 1 branch of the dungeon, and saw 2 of its levels.

You collected 64 gold pieces.

Inventory:

Hand Weapons
 a - a +0 war axe (weapon)
Missiles
 e - 33 stones
Armour
 c - a +0 buckler (worn)
 s - a +0 chain mail (worn)
Jewellery
 n - a +6 ring of dexterity (left hand)
Scrolls
 j - 5 scrolls of identify {unknown}
 l - a scroll of vulnerability {unknown}
 o - a scroll of noise {unknown}
 p - 2 scrolls of teleportation {unknown}
 q - a scroll of silence {unknown}
Potions
 d - a potion of might
 f - 2 potions of degeneration {unknown}
 g - a potion of brilliance {unknown}
 h - a potion of magic {unknown}
 i - 2 potions of berserk rage {unknown}
 k - 2 potions of curing {unknown}
 m - a potion of mutation {unknown}
 r - a potion of ambrosia {unknown}


   Skills:
 + Level 4.0 Fighting
 + Level 2.8 Axes
 + Level 3.9 Armour
 + Level 1.5 Dodging
 + Level 4.8 Shields


You had 4 spell levels left.
You didn't know any spells.
Your spell library was empty.

Dungeon Overview and Level Annotations

Branches:
Dungeon (1/15)

Altars:


Innate Abilities, Weirdness & Mutations

You cannot be hasted, slowed, berserked, paralysed or teleported.
You can dig through walls and to a lower floor.
You have a pair of large antennae on your head. (SInv)
Your four strong arms can wield two-handed weapons with a shield.


Message History

You closely miss the gnoll. The gnoll hits you with a +0 spear.
You barely miss the gnoll. The gnoll hits you but does no damage.
You closely miss the gnoll. The gnoll closely misses you.
The gnoll hits you but does no damage.
You barely miss the gnoll. The gnoll closely misses you.
A gnoll comes into view. It is wielding a +0 spear.
The gnoll shouts!
You slash the gnoll!
The gnoll is severely wounded.
The gnoll hits you with a +0 spear. The gnoll hits you but does no damage.
The gnoll hits you but does no damage. x2
You hit the gnoll.
The gnoll is lightly wounded.
You block the gnoll's attack. x2; The gnoll hits you with a +0 spear.
The gnoll closely misses you.
You closely miss the gnoll.
The gnoll is lightly wounded.
The gnoll hits you from afar with a +0 spear.
The gnoll hits you but does no damage.
You hit the gnoll.
The gnoll is heavily wounded.
The gnoll hits you from afar with a +0 spear.
The gnoll hits you but does no damage.
You hit the gnoll but do no damage.
The gnoll is heavily wounded.
The gnoll hits you from afar with a +0 spear.
The gnoll hits you but does no damage.
The gnoll hits you from afar with a +0 spear!
The gnoll hits you with a +0 spear.
* * * LOW HITPOINT WARNING * * *
The gnoll hits you from afar with a +0 spear.
* * * LOW HITPOINT WARNING * * *
Are you sure you want to shaft yourself?
You block the gnoll's attack.
The gnoll hits you from afar with a +0 spear.
* * * LOW HITPOINT WARNING * * *
You begin to dig a shaft.
You continue digging a shaft.
The gnoll hits you but does no damage.
The gnoll hits you from afar with a +0 spear!
You die...

..........#
#####+#######
###'#'###.#
#............ #.#.# #.#
#..........).
##+#'###'###............
#..........#.†.......[..
#..........#.†[.........
#..........'.†..........
#..........#>...........
#..........####@.######.
#..........# #..####
############ #ggg..#
##.##.>...# #.# .####
#.# # #.# #.. ###


You could see 3 gnolls.

Vanquished Creatures
  A phantom (D:2)
  3 worms (D:2)
  An endoplasm (D:2)
  2 giant cockroaches (D:1)
  A goblin (D:1)
  3 hobgoblins (D:2)
  A kobold (D:1)
  3 quokkas
  4 ball pythons
  7 bats
  2 frilled lizards (D:1)
  3 rats
31 creatures vanquished.

Notes
Turn   | Place    | Note
-------+----------+-------------------------------------------
     0 | D:1      | NinjaNoafa the Formicid Fighter began the quest for the
                  | Orb.
     0 | D:1      | Reached XP level 1. HP: 18/18 MP: 1/1
   114 | D:1      | Reached XP level 2. HP: 24/24 MP: 2/2
   560 | D:1      | You fall into a shaft and drop 1 floor!
   595 | D:2      | Reached XP level 3. HP: 27/29 MP: 3/3
   736 | D:2      | Noticed a phantom
   741 | D:2      | Reached skill level 1 in Dodging
   746 | D:2      | Killed a phantom
   747 | D:2      | Reached XP level 4. HP: 23/37 MP: 4/4
   747 | D:2      | Reached XP level 5. HP: 26/42 MP: 5/5
   825 | D:2      | Slain by a gnoll

Illustrated notes

Levels and vault maps discovered:
D:1:      sevenhm_arrival_forest_fort_small_4, layout_rooms
D:2:      layout_basic, serial_shops, nicolae_shop_trees,
          dilly_ecumenical_altar_fadedgnrine

Skill      XL: |  1  2  3 |
---------------+----------+-----
Dodging        | 1 |  1.5
Fighting       | 4 |  4.0
Axes           | |  2.8
Armour         | |  3.9
Shields        | |  4.8

Action                   |  1- 3 |  4- 6 || total
-------------------------+-------+-------++-------
Melee: War axe           |    72 |    10 ||    82
 Abil: Shaft Self        |     1 |     1 ||     2
  Use: Potion            |     1 |       ||     1
Armor: Scale mail        |    49 |       ||    49
       Chain mail        |       |    10 ||    10
Dodge: Dodged            |    37 |     3 ||    40
Block: Buckler           |    31 |     4 ||    35

Table legend: (Time is in decaauts)
 A = Elapsed time spent in this place.
 B = Non-inter-level travel time spent in this place.
 C = Inter-level travel time spent in this place.
 D = Time resting spent in this place.
 E = Time spent auto-exploring this place.
 F = Levels seen in this place.
 G = Mean time per level.
                   A        B        C        D        E       F      G
               +--------+--------+--------+--------+--------+-----+--------+
         Total |    858 |    858 |      0 |      0 |    593 |   2 |  429.0 |
       Dungeon |    858 |    858 |      0 |      0 |    593 |   2 |  429.0 |
               +--------+--------+--------+--------+--------+-----+--------+

Top non-repeatable levels by time:
     D:1: 578 daAuts
     D:2: 280 daAuts
